Map: [ESL] Goldenaura

Players

Oliveira - Winner!

  • Race: Terran Terran
  • Spawn Location: 5:00

Firefly

  • Race: Protoss Protoss
  • Spawn Location: 12:00

Event: ESL SC2 Masters 2023 Winter (Regional)

VOD

Have the link to the VOD?

Description

Time

  • Played on: Nov. 19, 2023, 9:02 a.m.
  • Length: 6:23

All games in this series

Show
View Real Time Build Order
Export as new Build Order

Oliveira Terran - Winner!

Build Orders: Cyclone Opening, Reaper Expand 

Get SALT Encoding   

  12  0:00  SCV  
  13  0:12  SCV  
  14  0:17  Supply Depot  
  14  0:24  SCV  
  15  0:38  SCV  
  15  0:39  Barracks  
  16  0:44  Refinery  
  16  0:50  SCV  
  17  1:03  SCV  
  18  1:15  SCV  
  19  1:27  Reaper  
  19  1:28  Orbital Command  
  20  1:39  Command Center  
  20  1:50  Supply Depot  
  20  1:54  SCV  
  21  1:59  Marine  
  22  2:06  SCV  
  22  2:07  Factory  
  23  2:15  Bunker  
  23  2:18  SCV  
  23  2:22  Barracks Reactor  
  24  2:28  Barracks  
  24  2:30  SCV  
  24  2:34  Refinery  
  25  2:42  SCV  
  26  2:51  Cyclone  
  28  2:53  Orbital Command  
  28  2:56  SCV  
  29  3:00  Marine x2  
  31  3:08  SCV  
  32  3:15  Barracks Tech Lab  
  32  3:18  SCV, Marine x2  
  35  3:20  SCV  
  35  3:24  Factory Tech Lab  
  35  3:25  Supply Depot  
  36  3:30  SCV  
  36  3:33  Stimpack, SCV  
  38  3:34  Marine  
  38  3:35  Marine  
  40  3:43  Marine  
  40  3:44  Siege Tank  
  40  3:45  SCV  
  40  3:47  SCV  
  46  3:51  Supply Depot  
  46  3:52  Marine  
  47  3:58  SCV  
  47  3:59  SCV  
  47  4:01  Starport  
  49  4:04  Marine  
  49  4:08  Marine  
  51  4:10  SCV  
  51  4:11  SCV  
  51  4:13  Marine  
  51  4:14  Supply Depot  
  54  4:22  Siege Tank, SCV  
  58  4:25  Marine x2  
  58  4:27  SCV  
  58  4:30  Supply Depot  
  61  4:33  Marine  
  61  4:38  SCV  
  63  4:39  Engineering Bay  
  63  4:40  Medivac  
  63  4:42  SCV  
  63  4:43  Marine  
  63  4:44  Refinery  
  67  4:50  Barracks, SCV  
  68  4:53  Supply Depot  
  68  4:54  Marine x2  
  68  4:56  SCV  
  71  5:02  SCV  
  71  5:04  Marine  
  73  5:10  SCV  
  73  5:11  Refinery  
  73  5:12  Marine x2  
  76  5:18  SCV  
  77  5:22  Marine, SCV  
  78  5:30  SCV, Marine  
  78  5:31  Marauder, Supply Depot  
  78  5:34  SCV  
  78  5:43  Starport Reactor, Factory Reactor, SCV  
  78  5:46  SCV  
  78  5:47  Marauder  
  78  5:48  Supply Depot  
  82  5:51  Command Center  
  82  5:52  Marine, Marauder  
  85  6:03  Marine  
  85  6:12  Supply Depot  
Show
View Real Time Build Order
Export as new Build Order

Firefly Protoss 

Build Orders: 1 Gate Expand, Blink Stalkers 

Get SALT Encoding   

  12  0:00  Probe  
  13  0:12  Probe  
  14  0:17  Pylon  
  14  0:24  Probe  
  15  0:36  Probe (Chrono Boost)  
  15  0:37  Gateway  
  16  0:47  Probe (Chrono Boost)  
  16  0:48  Assimilator  
  17  0:52  Probe (Chrono Boost)  
  18  1:03  Probe  
  19  1:15  Probe  
  20  1:24  Cybernetics Core  
  20  1:32  Nexus  
  20  1:39  Pylon  
  20  1:42  Probe  
  21  1:49  Assimilator  
  21  1:54  Probe (Chrono Boost)  
  21  2:01  Adept  
  24  2:03  Warp Gate  
  24  2:05  Probe (Chrono Boost)  
  25  2:10  Probe (Chrono Boost)  
  26  2:20  Probe (Chrono Boost)  
  27  2:26  Twilight Council  
  28  2:30  Probe (Chrono Boost)  
  28  2:36  Probe  
  28  2:38  Gateway  
  29  2:45  Probe (Chrono Boost)  
  29  2:50  Stalker, Probe (Chrono Boost)  
  33  2:57  Probe (Chrono Boost)  
  34  3:00  Blink (Chrono Boost)  
  34  3:05  Probe (Chrono Boost)  
  36  3:06  Probe (Chrono Boost)  
  36  3:12  Probe (Chrono Boost)  
  37  3:17  Probe (Chrono Boost)  
  38  3:21  Probe (Chrono Boost)  
  38  3:25  Probe (Chrono Boost)  
  38  3:26  Probe  
  40  3:28  Pylon  
  41  3:35  Probe  
  41  3:38  Probe  
  41  3:39  Nexus  
  43  3:47  Robotics Facility  
  43  3:52  Stalker  
  43  3:53  Stalker  
  43  3:55  Probe  
  48  3:57  Probe  
  48  4:02  Assimilator  
  49  4:07  Probe, Pylon  
  49  4:09  Probe  
  51  4:12  Shield Battery  
  51  4:19  Probe  
  51  4:20  Stalker  
  54  4:25  Probe  
  54  4:26  Stalker  
  57  4:31  Probe  
  57  4:37  Probe  
  57  4:43  Probe  
  57  4:44  Charge (Chrono Boost)  
  58  4:48  Gateway, Forge  
  58  4:49  Gateway, Probe  
  58  4:50  Gateway  
  58  4:52  Probe  
  60  5:02  Probe x2  
  60  5:04  Probe  
  63  5:11  Observer, Gateway x2  
  63  5:13  Pylon  
  64  5:19  Gateway  
  64  5:20  Stalker  
  66  5:23  Pylon, Stalker  
  68  5:29  Shield Battery  
  58  5:45  Stalker x4  
  58  5:48  Zealot  
  66  6:09  Pylon  
  60  6:11  Stalker  
Tags
 
Add a new tag
Caveats
  • Supply blocks, unpowered buildings, or Contaminate may cause inaccurate times.
  • Supply counts are checked every 10 seconds.